[ AOE2 MATCH · #507593154 ]
UnrankedVietnamese vs Ethiopians
[ REPLAY ANALYSIS · EXTRACTED FROM THE RECORDED GAME ]
Feudal
9:23
Castle
21:51
Imperial
—
| APM avg | 51.5 |
| APM peak | 107 |
| eAPM avg | 24.0 |
| Villagers / military | 81 / 89 |
Focus
⚔️ 32.4% · 🌾 67.6%
Archer ×63 · Skirmisher ×12 · Mangonel ×6 · Scorpion ×4 · Monk ×3 · Battering Ram ×1
Feudal
9:38
Castle
23:49
Imperial
—
| APM avg | 41.7 |
| APM peak | 78 |
| eAPM avg | 17.5 |
| Villagers / military | 62 / 70 |
Focus
⚔️ 28.2% · 🌾 71.8%
Archer ×67 · Mangonel ×3
Feudal
8:33
Castle
24:39
Imperial
—
| APM avg | 37.5 |
| APM peak | 84 |
| eAPM avg | 18.9 |
| Villagers / military | 107 / 72 |
Focus
⚔️ 37.9% · 🌾 62.1%
Knight ×46 · Archer ×15 · Spearman ×7 · Scout Cavalry ×4
Feudal
9:44
Castle
23:11
Imperial
—
| APM avg | 31.3 |
| APM peak | 76 |
| eAPM avg | 13.5 |
| Villagers / military | 49 / 21 |
Focus
⚔️ 20.4% · 🌾 79.6%
Spearman ×6 · Scout Cavalry ×6 · Skirmisher ×5 · Knight ×4
Match map
Initial resources + every placement click. Lines = walls · curves = elevation contours. ◆ gold · ⬟ stone · ● berries · ✦ relic · ◌ wall gap
Your base· Open — 10t gap
BobbyBenz's base· Open — unwalled flank
LMG_Leonardo's base· ✓ Closed at 24:39 · 69t walls · 1 gate(s)
First Sahne's base· Open — unwalled flank
Smoothed initial terrain · ◌ = detected wall gap · hover for details
Inputs per minute
— LMG_HERA DE TEMU - - BobbyBenz
Build order — LMG_HERA DE TEMU
First 150 of 267 actions detected
| 0:01 | Queue | Villager (Male) |
| 0:01 | Queue | Villager (Male) |
| 0:01 | Queue | Villager (Male) |
| 0:02 | Queue | Villager (Male) |
| 0:03 | Build | House |
| 0:04 | Build | House |
| 1:43 | Queue | Villager (Male) |
| 1:44 | Queue | Villager (Male) |
| 1:44 | Queue | Villager (Male) |
| 1:54 | Build | Lumber Camp |
| 2:07 | Research | Loom |
| 2:07 | Research | Loom |
| 2:08 | Research | Loom |
| 2:10 | Queue | Villager (Male) |
| 2:10 | Queue | Villager (Male) |
| 2:10 | Queue | Villager (Male) |
| 2:15 | Queue | Villager (Male) |
| 2:15 | Queue | Villager (Male) |
| 2:16 | Queue | Villager (Male) |
| 2:38 | Queue | Villager (Male) |
| 2:39 | Queue | Villager (Male) |
| 2:39 | Queue | Villager (Male) |
| 3:15 | Queue | Villager (Male) |
| 3:16 | Queue | Villager (Male) |
| 3:56 | Build | House |
| 4:10 | Queue | Villager (Male) |
| 4:10 | Queue | Villager (Male) |
| 4:10 | Queue | Villager (Male) |
| 4:17 | Build | House |
| 4:35 | Queue | Villager (Male) |
| 4:44 | Build | Mill |
| 5:08 | Queue | Villager (Male) |
| 5:08 | Queue | Villager (Male) |
| 5:08 | Queue | Villager (Male) |
| 5:13 | Queue | Villager (Male) |
| 5:14 | Queue | Villager (Male) |
| 5:30 | Queue | Villager (Male) |
| 5:30 | Queue | Villager (Male) |
| 6:25 | Research | Loom |
| 7:12 | Research | Feudal Age |
| 7:57 | Build | Mining Camp |
| 8:21 | Queue | Villager (Male) |
| 8:21 | Queue | Villager (Male) |
| 8:33 | Build | Barracks |
| 9:23 | Age | Feudal Age |
| 9:33 | Build | Farm |
| 9:48 | Build | Archery Range |
| 9:53 | Queue | Villager (Male) |
| 9:53 | Queue | Villager (Male) |
| 10:11 | Queue | Villager (Male) |
| 10:12 | Queue | Villager (Male) |
| 10:29 | Build | House |
| 10:32 | Queue | Archer |
| 10:33 | Queue | Archer |
| 10:48 | Queue | Villager (Male) |
| 10:49 | Queue | Villager (Male) |
| 10:50 | Build | Farm |
| 10:53 | Build | Farm |
| 11:06 | Build | Palisade Gate |
| 11:34 | Build | Palisade Wall |
| 11:41 | Queue | Villager (Male) |
| 11:42 | Queue | Villager (Male) |
| 11:48 | Build | Palisade Wall |
| 11:52 | Research | Double-Bit Axe |
| 12:08 | Queue | Villager (Male) |
| 12:08 | Queue | Villager (Male) |
| 12:10 | Build | Farm |
| 12:11 | Build | Farm |
| 12:12 | Build | Farm |
| 12:13 | Build | Farm |
| 12:21 | Build | Palisade Wall |
| 12:25 | Build | House |
| 12:43 | Build | House |
| 12:44 | Build | House |
| 12:50 | Build | Palisade Wall |
| 13:09 | Build | Palisade Wall |
| 13:35 | Queue | Villager (Male) |
| 13:35 | Queue | Villager (Male) |
| 13:41 | Build | Lumber Camp |
| 13:49 | Build | Palisade Gate |
| 13:58 | Build | Palisade Wall |
| 14:10 | Build | Farm |
| 14:11 | Build | Farm |
| 14:31 | Build | Farm |
| 15:01 | Build | Archery Range |
| 15:03 | Queue | Villager (Male) |
| 15:04 | Queue | Villager (Male) |
| 15:04 | Queue | Villager (Male) |
| 15:15 | Build | House |
| 15:27 | Build | Farm |
| 15:28 | Build | Farm |
| 15:46 | Queue | Archer |
| 15:46 | Queue | Archer |
| 15:47 | Queue | Archer |
| 15:47 | Queue | Archer |
| 16:17 | Queue | Villager (Male) |
| 16:17 | Queue | Villager (Male) |
| 16:21 | Build | Farm |
| 16:22 | Build | Farm |
| 16:39 | Build | Blacksmith |
| 16:56 | Queue | Archer |
| 16:56 | Queue | Archer |
| 16:59 | Queue | Villager (Male) |
| 17:01 | Build | Farm |
| 17:02 | Build | Farm |
| 17:14 | Build | House |
| 17:15 | Build | House |
| 17:33 | Queue | Skirmisher |
| 17:33 | Queue | Skirmisher |
| 17:42 | Research | Fletching |
| 17:52 | Queue | Villager (Male) |
| 17:52 | Queue | Villager (Male) |
| 18:12 | Queue | Archer |
| 18:12 | Queue | Archer |
| 18:13 | Queue | Archer |
| 18:13 | Queue | Archer |
| 18:27 | Queue | Skirmisher |
| 18:27 | Queue | Skirmisher |
| 18:28 | Queue | Skirmisher |
| 18:51 | Build | Archery Range |
| 19:11 | Research | Castle Age |
| 19:11 | Research | Castle Age |
| 19:19 | Build | Watch Tower |
| 19:25 | Build | Palisade Gate |
| 19:41 | Queue | Skirmisher |
| 19:41 | Queue | Skirmisher |
| 19:42 | Queue | Skirmisher |
| 20:19 | Queue | Skirmisher |
| 20:19 | Queue | Skirmisher |
| 20:19 | Queue | Skirmisher |
| 20:19 | Queue | Skirmisher |
| 20:59 | Research | Padded Archer Armor |
| 21:47 | Build | Market |
| 21:51 | Age | Castle Age |
| 21:52 | Queue | Archer |
| 21:53 | Queue | Archer |
| 21:54 | Research | Crossbowman (upgrade) |
| 21:59 | Queue | Archer |
| 21:59 | Queue | Archer |
| 21:59 | Queue | Archer |
| 21:59 | Queue | Archer |
| 22:00 | Queue | Archer |
| 22:19 | Build | University |
| 22:23 | Research | Town Watch |
| 22:28 | Build | Farm |
| 22:29 | Build | Farm |
| 22:29 | Build | Farm |
| 22:45 | Build | Siege Workshop |
| 23:01 | Queue | Villager (Male) |
| 23:01 | Queue | Villager (Male) |
Build order — BobbyBenz
First 150 of 208 actions detected
| 0:02 | Queue | Villager (Male) |
| 0:02 | Queue | Villager (Male) |
| 0:02 | Queue | Villager (Male) |
| 0:03 | Queue | Villager (Male) |
| 0:04 | Build | House |
| 0:05 | Build | House |
| 1:28 | Queue | Villager (Male) |
| 1:49 | Build | Lumber Camp |
| 2:09 | Queue | Villager (Male) |
| 2:09 | Queue | Villager (Male) |
| 2:15 | Queue | Villager (Male) |
| 3:19 | Queue | Villager (Male) |
| 3:20 | Queue | Villager (Male) |
| 3:20 | Queue | Villager (Male) |
| 3:29 | Build | House |
| 4:05 | Build | Palisade Wall |
| 4:14 | Build | House |
| 4:26 | Queue | Villager (Male) |
| 4:27 | Queue | Villager (Male) |
| 4:27 | Queue | Villager (Male) |
| 5:36 | Queue | Villager (Male) |
| 5:37 | Queue | Villager (Male) |
| 6:04 | Queue | Villager (Male) |
| 6:38 | Build | Mining Camp |
| 6:40 | Research | Loom |
| 7:21 | Build | House |
| 7:28 | Research | Feudal Age |
| 7:37 | Build | Barracks |
| 9:14 | Build | Palisade Wall |
| 9:33 | Queue | Villager (Male) |
| 9:38 | Age | Feudal Age |
| 9:43 | Research | Double-Bit Axe |
| 9:44 | Queue | Villager (Male) |
| 9:45 | Queue | Villager (Male) |
| 9:47 | Build | Archery Range |
| 9:56 | Build | House |
| 10:08 | Build | Mill |
| 10:24 | Build | Palisade Wall |
| 10:26 | Build | Palisade Wall |
| 10:36 | Queue | Villager (Male) |
| 10:57 | Build | Archery Range |
| 11:00 | Queue | Archer |
| 11:00 | Queue | Archer |
| 11:16 | Queue | Villager (Male) |
| 11:26 | Build | House |
| 11:34 | Queue | Archer |
| 11:46 | Queue | Villager (Male) |
| 11:47 | Queue | Villager (Male) |
| 11:49 | Queue | Archer |
| 11:49 | Queue | Archer |
| 12:10 | Build | Blacksmith |
| 12:15 | Queue | Archer |
| 12:15 | Queue | Archer |
| 12:18 | Queue | Villager (Male) |
| 12:46 | Queue | Archer |
| 13:11 | Build | House |
| 13:13 | Build | House |
| 13:15 | Build | House |
| 13:19 | Queue | Archer |
| 13:19 | Queue | Archer |
| 13:20 | Queue | Villager (Male) |
| 13:24 | Queue | Villager (Male) |
| 13:27 | Research | Fletching |
| 13:48 | Build | Market |
| 13:53 | Queue | Archer |
| 13:54 | Queue | Archer |
| 14:04 | Queue | Archer |
| 14:04 | Queue | Archer |
| 14:11 | Build | House |
| 14:19 | Queue | Villager (Male) |
| 14:20 | Queue | Villager (Male) |
| 14:20 | Queue | Villager (Male) |
| 14:26 | Build | Farm |
| 14:27 | Build | Farm |
| 14:31 | Queue | Villager (Male) |
| 14:36 | Build | House |
| 14:52 | Build | Farm |
| 15:01 | Queue | Villager (Male) |
| 15:17 | Build | Farm |
| 15:30 | Research | Horse Collar |
| 15:33 | Queue | Archer |
| 15:33 | Queue | Archer |
| 15:33 | Queue | Archer |
| 16:17 | Queue | Villager (Male) |
| 16:21 | Queue | Archer |
| 16:21 | Queue | Archer |
| 16:21 | Queue | Archer |
| 16:30 | Queue | Villager (Male) |
| 16:45 | Queue | Archer |
| 16:57 | Queue | Villager (Male) |
| 17:33 | Build | Farm |
| 17:34 | Build | Farm |
| 17:35 | Build | Farm |
| 17:36 | Build | Farm |
| 17:37 | Build | Farm |
| 17:53 | Build | Farm |
| 18:00 | Build | Farm |
| 18:31 | Research | Padded Archer Armor |
| 18:31 | Queue | Villager (Male) |
| 18:32 | Queue | Villager (Male) |
| 18:36 | Build | Farm |
| 18:44 | Build | House |
| 18:54 | Build | Farm |
| 19:23 | Queue | Villager (Male) |
| 19:23 | Queue | Villager (Male) |
| 19:32 | Build | Farm |
| 21:00 | Build | Farm |
| 21:01 | Build | Farm |
| 21:04 | Queue | Archer |
| 21:04 | Queue | Archer |
| 21:05 | Queue | Archer |
| 21:05 | Queue | Archer |
| 21:09 | Research | Castle Age |
| 21:12 | Build | Archery Range |
| 21:15 | Build | House |
| 21:21 | Queue | Archer |
| 21:21 | Queue | Archer |
| 21:42 | Queue | Archer |
| 21:43 | Queue | Archer |
| 22:37 | Queue | Archer |
| 22:38 | Queue | Archer |
| 22:38 | Queue | Archer |
| 22:38 | Queue | Archer |
| 22:51 | Research | Gold Mining |
| 22:56 | Build | House |
| 23:11 | Queue | Villager (Male) |
| 23:12 | Queue | Villager (Male) |
| 23:27 | Queue | Archer |
| 23:49 | Age | Castle Age |
| 24:07 | Research | Crossbowman (upgrade) |
| 24:09 | Research | Bodkin Arrow |
| 24:10 | Queue | Villager (Male) |
| 24:10 | Queue | Villager (Male) |
| 24:16 | Build | Town Center |
| 24:17 | Queue | Villager (Male) |
| 24:17 | Queue | Villager (Male) |
| 24:23 | Research | Gold Shaft Mining |
| 24:29 | Build | House |
| 24:41 | Build | House |
| 24:59 | Queue | Archer |
| 24:59 | Queue | Archer |
| 25:01 | Research | Leather Archer Armor |
| 25:11 | Queue | Archer |
| 25:11 | Queue | Archer |
| 25:19 | Queue | Villager (Male) |
| 25:20 | Queue | Villager (Male) |
| 25:37 | Build | Lumber Camp |
| 25:49 | Queue | Villager (Male) |
| 25:49 | Queue | Villager (Male) |
| 26:01 | Queue | Archer |
Build order — LMG_Leonardo
First 150 of 301 actions detected
| 0:01 | Queue | Villager (Male) |
| 0:01 | Queue | Villager (Male) |
| 0:01 | Queue | Villager (Male) |
| 0:02 | Queue | Villager (Male) |
| 0:03 | Build | House |
| 0:04 | Build | House |
| 1:37 | Queue | Villager (Male) |
| 1:37 | Queue | Villager (Male) |
| 2:04 | Build | Lumber Camp |
| 2:13 | Queue | Villager (Male) |
| 2:13 | Queue | Villager (Male) |
| 2:31 | Queue | Villager (Male) |
| 2:31 | Queue | Villager (Male) |
| 2:53 | Queue | Villager (Male) |
| 2:54 | Queue | Villager (Male) |
| 3:13 | Queue | Villager (Male) |
| 3:13 | Queue | Villager (Male) |
| 3:35 | Queue | Villager (Male) |
| 3:35 | Queue | Villager (Male) |
| 3:52 | Queue | Villager (Male) |
| 3:52 | Queue | Villager (Male) |
| 4:01 | Build | House |
| 4:31 | Queue | Villager (Male) |
| 4:31 | Queue | Villager (Male) |
| 4:31 | Queue | Villager (Male) |
| 4:32 | Queue | Villager (Male) |
| 4:44 | Build | Mill |
| 5:37 | Research | Loom |
| 6:22 | Research | Feudal Age |
| 7:32 | Queue | Villager (Male) |
| 7:33 | Queue | Villager (Male) |
| 7:38 | Build | Barracks |
| 7:45 | Build | House |
| 8:33 | Age | Feudal Age |
| 8:53 | Queue | Villager (Male) |
| 8:55 | Build | Stable |
| 9:01 | Research | Double-Bit Axe |
| 9:02 | Research | Double-Bit Axe |
| 9:13 | Queue | Villager (Male) |
| 9:43 | Build | Farm |
| 9:48 | Queue | Villager (Male) |
| 10:03 | Build | Farm |
| 10:23 | Build | Archery Range |
| 10:29 | Queue | Spearman |
| 10:30 | Queue | Spearman |
| 10:37 | Build | House |
| 10:44 | Queue | Villager (Male) |
| 10:45 | Queue | Villager (Male) |
| 10:47 | Build | Farm |
| 10:58 | Build | House |
| 11:03 | Research | Wheelbarrow |
| 11:17 | Build | House |
| 11:19 | Build | House |
| 11:29 | Build | Palisade Wall |
| 11:45 | Queue | Villager (Male) |
| 11:45 | Queue | Villager (Male) |
| 11:50 | Build | Mining Camp |
| 11:59 | Build | Palisade Wall |
| 12:06 | Build | Palisade Wall |
| 12:09 | Build | Palisade Wall |
| 12:11 | Queue | Villager (Male) |
| 12:12 | Queue | Villager (Male) |
| 12:20 | Build | Palisade Wall |
| 12:22 | Build | Palisade Wall |
| 12:53 | Queue | Villager (Male) |
| 12:55 | Queue | Spearman |
| 12:55 | Queue | Spearman |
| 13:03 | Queue | Archer |
| 13:03 | Queue | Archer |
| 13:11 | Build | Palisade Wall |
| 13:16 | Build | Palisade Wall |
| 13:38 | Build | Palisade Wall |
| 13:44 | Queue | Spearman |
| 13:55 | Queue | Villager (Male) |
| 13:59 | Queue | Archer |
| 14:00 | Queue | Archer |
| 14:27 | Build | Palisade Gate |
| 14:30 | Queue | Spearman |
| 14:32 | Queue | Archer |
| 14:48 | Queue | Villager (Male) |
| 15:10 | Queue | Villager (Male) |
| 15:17 | Build | Blacksmith |
| 15:21 | Build | Palisade Wall |
| 15:28 | Build | Farm |
| 15:41 | Queue | Archer |
| 15:41 | Queue | Archer |
| 16:06 | Queue | Villager (Male) |
| 16:06 | Queue | Villager (Male) |
| 16:06 | Queue | Villager (Male) |
| 16:15 | Build | Farm |
| 16:15 | Build | Farm |
| 16:18 | Build | Farm |
| 16:21 | Build | Farm |
| 16:27 | Queue | Spearman |
| 16:33 | Research | Fletching |
| 16:40 | Build | House |
| 16:41 | Build | House |
| 16:42 | Build | House |
| 16:49 | Queue | Archer |
| 16:50 | Queue | Archer |
| 17:08 | Queue | Villager (Male) |
| 17:08 | Queue | Villager (Male) |
| 17:08 | Queue | Villager (Male) |
| 17:08 | Queue | Villager (Male) |
| 18:07 | Queue | Villager (Male) |
| 18:08 | Queue | Villager (Male) |
| 18:22 | Queue | Villager (Male) |
| 18:22 | Queue | Villager (Male) |
| 18:28 | Build | Farm |
| 18:28 | Build | Farm |
| 18:28 | Build | Farm |
| 18:29 | Build | Farm |
| 18:29 | Build | Farm |
| 18:31 | Queue | Villager (Male) |
| 18:31 | Queue | Villager (Male) |
| 18:49 | Queue | Archer |
| 18:49 | Queue | Archer |
| 18:49 | Queue | Archer |
| 19:22 | Queue | Villager (Male) |
| 19:23 | Queue | Villager (Male) |
| 19:44 | Queue | Villager (Male) |
| 19:44 | Queue | Villager (Male) |
| 19:56 | Queue | Archer |
| 19:57 | Queue | Archer |
| 19:57 | Queue | Archer |
| 20:32 | Build | Lumber Camp |
| 20:44 | Build | Farm |
| 20:44 | Build | Farm |
| 20:45 | Build | Farm |
| 20:45 | Build | Farm |
| 20:45 | Build | Farm |
| 20:45 | Build | Farm |
| 20:46 | Build | Farm |
| 20:46 | Build | Farm |
| 21:59 | Research | Castle Age |
| 21:59 | Research | Castle Age |
| 22:05 | Build | House |
| 22:06 | Build | House |
| 22:58 | Build | Stable |
| 22:59 | Build | Stable |
| 23:09 | Build | House |
| 23:47 | Build | Stable |
| 24:00 | Build | Farm |
| 24:00 | Build | Farm |
| 24:00 | Build | Farm |
| 24:00 | Build | Farm |
| 24:00 | Build | Farm |
| 24:01 | Build | Farm |
| 24:03 | Research | Horse Collar |
| 24:06 | Research | Bloodlines |
Build order — First Sahne
117 actions detected in the replay
| 0:01 | Queue | Villager (Male) |
| 0:01 | Queue | Villager (Male) |
| 0:01 | Queue | Villager (Male) |
| 0:02 | Queue | Villager (Male) |
| 0:03 | Build | House |
| 0:06 | Build | House |
| 1:37 | Queue | Villager (Male) |
| 1:45 | Build | House |
| 2:06 | Queue | Villager (Male) |
| 2:14 | Build | Lumber Camp |
| 2:21 | Queue | Villager (Male) |
| 2:53 | Queue | Villager (Male) |
| 3:16 | Queue | Villager (Male) |
| 4:39 | Queue | Villager (Male) |
| 4:39 | Queue | Villager (Male) |
| 4:49 | Queue | Villager (Male) |
| 4:55 | Queue | Villager (Male) |
| 4:56 | Queue | Villager (Male) |
| 5:07 | Build | Mill |
| 5:13 | Queue | Villager (Male) |
| 5:59 | Queue | Villager (Male) |
| 6:18 | Queue | Villager (Male) |
| 7:34 | Research | Feudal Age |
| 7:56 | Build | House |
| 8:56 | Build | Barracks |
| 9:44 | Age | Feudal Age |
| 9:45 | Build | Palisade Wall |
| 9:47 | Queue | Spearman |
| 9:47 | Queue | Spearman |
| 10:13 | Research | Loom |
| 10:25 | Queue | Spearman |
| 10:45 | Queue | Villager (Male) |
| 11:15 | Build | Stable |
| 11:17 | Build | Stone Wall |
| 11:24 | Queue | Villager (Male) |
| 11:25 | Queue | Villager (Male) |
| 11:49 | Queue | Villager (Male) |
| 11:52 | Build | Farm |
| 11:53 | Build | Farm |
| 12:00 | Queue | Scout Cavalry |
| 12:00 | Queue | Scout Cavalry |
| 12:01 | Queue | Scout Cavalry |
| 12:01 | Queue | Scout Cavalry |
| 12:06 | Build | House |
| 12:08 | Build | House |
| 12:23 | Build | Farm |
| 13:01 | Queue | Spearman |
| 13:04 | Queue | Scout Cavalry |
| 13:04 | Queue | Scout Cavalry |
| 13:10 | Queue | Villager (Male) |
| 13:11 | Queue | Villager (Male) |
| 13:14 | Build | Farm |
| 13:18 | Build | Farm |
| 13:27 | Queue | Villager (Male) |
| 13:44 | Build | Farm |
| 13:50 | Build | Farm |
| 14:01 | Build | House |
| 14:14 | Build | Stone Wall |
| 14:19 | Build | Farm |
| 14:28 | Queue | Villager (Male) |
| 14:28 | Queue | Villager (Male) |
| 14:45 | Research | Double-Bit Axe |
| 15:11 | Build | Farm |
| 15:16 | Build | Farm |
| 15:20 | Queue | Villager (Male) |
| 15:20 | Queue | Villager (Male) |
| 15:21 | Queue | Villager (Male) |
| 15:47 | Build | Farm |
| 16:12 | Build | Blacksmith |
| 16:40 | Build | Lumber Camp |
| 17:07 | Queue | Villager (Male) |
| 17:11 | Build | Farm |
| 17:17 | Build | Farm |
| 18:36 | Build | Archery Range |
| 19:34 | Build | Market |
| 19:41 | Queue | Villager (Male) |
| 19:41 | Queue | Villager (Male) |
| 19:48 | Queue | Skirmisher |
| 19:48 | Queue | Skirmisher |
| 20:05 | Research | Castle Age |
| 20:21 | Queue | Skirmisher |
| 20:21 | Queue | Skirmisher |
| 21:50 | Queue | Skirmisher |
| 23:11 | Age | Castle Age |
| 23:26 | Queue | Knight |
| 23:26 | Queue | Knight |
| 24:21 | Queue | Villager (Male) |
| 24:21 | Queue | Villager (Male) |
| 24:41 | Queue | Villager (Male) |
| 24:41 | Queue | Villager (Male) |
| 25:02 | Queue | Villager (Male) |
| 25:02 | Queue | Villager (Male) |
| 25:11 | Queue | Villager (Male) |
| 25:11 | Queue | Villager (Male) |
| 25:26 | Build | Mining Camp |
| 25:44 | Queue | Knight |
| 25:53 | Queue | Villager (Male) |
| 25:53 | Queue | Villager (Male) |
| 25:55 | Build | Farm |
| 26:14 | Queue | Villager (Male) |
| 26:14 | Queue | Villager (Male) |
| 26:14 | Queue | Villager (Male) |
| 26:35 | Build | Farm |
| 26:54 | Build | Siege Workshop |
| 27:00 | Build | House |
| 27:01 | Build | House |
| 27:24 | Research | Bow Saw |
| 27:33 | Queue | Knight |
| 27:49 | Build | Farm |
| 27:53 | Queue | Villager (Male) |
| 27:53 | Queue | Villager (Male) |
| 27:53 | Queue | Villager (Male) |
| 27:53 | Queue | Villager (Male) |
| 28:30 | Build | Farm |
| 28:41 | Queue | Spearman |
| 28:41 | Queue | Spearman |
| 34:21 | Build | Lumber Camp |
Match timeline
| 4:05 | BobbyBenz · wall_segment Palisade Wall x3 |
| 7:37 | BobbyBenz · first_building Barracks |
| 7:38 | LMG_Leonardo · first_building Barracks |
| 8:33 | LMG_Leonardo · age_up feudal |
| 8:33 | LMG_HERA DE TEMU · first_building Barracks |
| 8:55 | LMG_Leonardo · first_building Stable |
| 8:56 | First Sahne · first_building Barracks |
| 9:14 | BobbyBenz · wall_segment Palisade Wall x1 |
| 9:23 | LMG_HERA DE TEMU · age_up feudal |
| 9:38 | BobbyBenz · age_up feudal |
| 9:44 | First Sahne · age_up feudal |
| 9:45 | First Sahne · wall_segment Palisade Wall x1 |
| 9:47 | BobbyBenz · first_building Archery Range |
| 9:48 | LMG_HERA DE TEMU · first_building Archery Range |
| 10:23 | LMG_Leonardo · first_building Archery Range |
| 10:24 | BobbyBenz · wall_segment Palisade Wall x1 |
| 10:26 | BobbyBenz · wall_segment Palisade Wall x1 |
| 11:15 | First Sahne · first_building Stable |
| 11:17 | First Sahne · wall_segment Stone Wall x5 |
| 11:29 | LMG_Leonardo · wall_segment Palisade Wall x1 |
| 11:34 | LMG_HERA DE TEMU · wall_segment Palisade Wall x4 |
| 11:48 | LMG_HERA DE TEMU · wall_segment Palisade Wall x19 |
| 11:59 | LMG_Leonardo · wall_segment Palisade Wall x5 |
| 12:06 | LMG_Leonardo · wall_segment Palisade Wall x4 |
| 12:09 | LMG_Leonardo · wall_segment Palisade Wall x14 |
| 12:20 | LMG_Leonardo · wall_segment Palisade Wall x8 |
| 12:21 | LMG_HERA DE TEMU · wall_segment Palisade Wall x8 |
| 12:22 | LMG_Leonardo · wall_segment Palisade Wall x11 |
| 12:50 | LMG_HERA DE TEMU · wall_segment Palisade Wall x15 |
| 13:09 | LMG_HERA DE TEMU · wall_segment Palisade Wall x8 |
| 13:11 | LMG_Leonardo · wall_segment Palisade Wall x6 |
| 13:16 | LMG_Leonardo · wall_segment Palisade Wall x16 |
| 13:38 | LMG_Leonardo · wall_segment Palisade Wall x10 |
| 13:58 | LMG_HERA DE TEMU · wall_segment Palisade Wall x1 |
| 14:14 | First Sahne · wall_segment Stone Wall x10 |
| 15:21 | LMG_Leonardo · wall_segment Palisade Wall x1 |
| 18:36 | First Sahne · first_building Archery Range |
| 20:03 | First Sahne · first_market_sell 100 stone |
| 21:51 | LMG_HERA DE TEMU · age_up castle |
| 22:45 | LMG_HERA DE TEMU · first_building Siege Workshop |
| 23:11 | First Sahne · age_up castle |
| 23:49 | BobbyBenz · age_up castle |
| 24:39 | LMG_Leonardo · age_up castle |
| 25:09 | LMG_HERA DE TEMU · first_building Monastery |
| 26:54 | First Sahne · first_building Siege Workshop |
| 27:41 | LMG_HERA DE TEMU · first_market_buy 100 stone |
| 29:26 | BobbyBenz · first_building Siege Workshop |
| 34:57 | First Sahne · resign |
| 35:08 | LMG_Leonardo · first_building Castle |
[ AI ANALYSIS · 1 CREDIT ]
What really happened in this match?
Wolo.gg analyzes every decision: build order, eco, micro, common mistakes by bracket. Personalized analysis on WhatsApp or Discord in 30 seconds.
Civ guide
Vietnamese
Perfil
Jugador #12168959